 Dungeon Crawl Stone Soup version 0.23-a0-641-g0a7f1ce553 (webtiles) character file.

809 HereIgoKillingAgain the Martial Artist (level 7, -6/50 HPs)
             Began as a Demonspawn Gladiator on Dec 30, 2018.
             Was an Initiate of Qazlal.
             Shot with an arrow by a centaur (12 damage)
             ... on level 5 of the Dungeon.
             The game lasted 00:05:25 (5682 turns).

HereIgoKillingAgain the Martial Artist (DsGl)       Turns: 5682, Time: 00:05:26

Health: -6/50      AC:  4    Str: 15    XL:     7   Next: 61%
Magic:  7/7        EV: 12    Int: 10    God:    Qazlal [......]
Gold:   159        SH:  0    Dex: 15    Spells: 6/6 levels left

rFire    . . .     SeeInvis .     - Unarmed
rCold    . . .     Gourm    .   (no shield)
rNeg     . . .     Faith    .   q - +0 leather armour
rPois    .         Spirit   .   b - +0 helmet
rElec    .         Reflect  .   (no cloak)
rCorr    .         Harm     .   (no gloves)
MR       .....                  (no boots)
Stlth    +++.......             (no amulet)
HPRegen  0.16/turn              (no ring)
MPRegen  0.10/turn              (no ring)

@: no status effects
A: hooves 1, nightstalker 2
a: Renounce Religion


You were on level 5 of the Dungeon.
You worshipped Qazlal.
Qazlal was noncommittal.
You were not hungry.

You visited 2 branches of the dungeon, and saw 6 of its levels.

You collected 159 gold pieces.

Inventory:

Hand Weapons
 a - a +1 mace of venom
Armour
 b - a +0 helmet (worn)
 q - a +0 leather armour (worn)
Scrolls
 e - 3 scrolls of enchant weapon {unknown}
 h - a scroll of enchant armour {unknown}
 j - a scroll of fog {unknown}
 k - 2 scrolls of magic mapping {unknown}
 l - a scroll of remove curse {unknown}
 m - 8 scrolls of identify {unknown}
 n - a scroll of amnesia {unknown}
Potions
 f - 2 potions of haste
 p - 2 potions of invisibility
Comestibles
 d - 5 rations


   Skills:
 - Level 2.0 Fighting
 - Level 1.7 Throwing
 - Level 2.6 Dodging
 + Level 8.4 Unarmed Combat


You had 6 spell levels left.
You didn't know any spells.
Your spell library was empty.

Dungeon Overview and Level Annotations

Branches:
Dungeon (5/15)             Temple (1/1) D:4

Altars:
Cheibriados
Dithmenos
Elyvilon
Fedhas
Gozag
Kikubaaqudgha
Okawaru
Qazlal
Ru
Sif Muna
Uskayaw
Vehumet
Wu Jian
Yredelemnul
The Shining One


Innate Abilities, Weirdness & Mutations

You have large cloven feet.
You are significantly more attuned to the shadows.


Message History

The centaur barely misses you.
You hit the centaur. You kick the centaur.
The centaur is severely wounded.
The centaur hits you. The orc wizard completely misses you.
The centaur hits you from afar with a +0 trident!
The orc shouts!
You hit the centaur but do no damage. You kick the centaur.
The centaur is almost dead.
The centaur barely misses you. x2; The centaur hits you.
* * * LOW HITPOINT WARNING * * *
Unknown command.
You hit the centaur.
You kill the centaur!
Qazlal accepts your kill.
The orc wizard hits you but does no damage.
The centaur hits you from afar with a +0 trident!
* * * LOW HITPOINT WARNING * * *
The centaur unwields a +0 trident.
The centaur wields a +0 shortbow.
The centaur shoots an arrow.
The arrow hits you!
You die...

[......##.### ..#
...[...##.#### ..
######.......#
##..####... #.o##
.. #########c####
#
##.....##)o...#..
##.........>.....#
#...(....@.......#
#........<.......#
#................#
#................#
#................#
#.............>..#
##.........(....##
##.....##...<(##
##############


You could see a centaur, an orc wizard and an orc.

Vanquished Creatures
  A phantom (D:4)
  An ogre (D:5)
  2 centaurs (D:5)
  A gnoll sergeant (D:4)
  A crimson imp (D:4)
  3 hounds
  2 orc wizards (D:4)
  A centaur skeleton (D:4)
  2 worker ants (D:4)
  A worker ant zombie (D:5)
  3 gnolls (D:4)
  A howler monkey skeleton (D:5)
  6 adders
  A shadow imp (D:4)
  3 worms
  A dart slug (D:3)
  4 leopard geckos
  11 orcs
  10 bats
  5 giant cockroaches
  10 goblins
  4 hobgoblins
  4 jackals (D:4)
  7 kobolds
  5 ball pythons
  4 frilled lizards
  4 rats
98 creatures vanquished.

Notes
Turn   | Place    | Note
-------+----------+-------------------------------------------
     0 | D:1      | HereIgoKillingAgain the Demonspawn Gladiator began the
                  | quest for the Orb.
     0 | D:1      | Reached XP level 1. HP: 16/16 MP: 1/1
   135 | D:1      | Reached skill level 3 in Unarmed Combat
   493 | D:1      | Gained mutation: You are slightly more attuned to the
                  | shadows. [demonic ancestry]
   493 | D:1      | Reached XP level 2. HP: 20/22 MP: 2/2
   940 | D:2      | Gained mutation: You have large cloven feet. [demonic
                  | ancestry]
   940 | D:2      | Reached XP level 3. HP: 27/27 MP: 3/3
  1173 | D:2      | Reached skill level 4 in Unarmed Combat
  1915 | D:3      | Reached XP level 4. HP: 33/33 MP: 4/4
  2769 | D:3      | Reached skill level 5 in Unarmed Combat
  2780 | D:3      | Gained mutation: You are significantly more attuned to the
                  | shadows. [demonic ancestry]
  2780 | D:3      | Reached XP level 5. HP: 9/38 MP: 5/5
  3258 | D:4      | Reached skill level 6 in Unarmed Combat
  3265 | D:4      | Reached XP level 6. HP: 21/44 MP: 6/6
  3590 | D:4      | Found a staircase to the Ecumenical Temple.
  3620 | Temple   | Entered the Ecumenical Temple
  3740 | Temple   | Became a worshipper of Qazlal Stormbringer
  4279 | D:4      | Reached skill level 7 in Unarmed Combat
  4635 | D:5      | Entered Level 5 of the Dungeon
  4747 | D:4      | Reached XP level 7. HP: 44/50 MP: 7/7
  4760 | D:5      | HP: 1/50 [worker ant (2)]
  4801 | Temple   | HP: 2/50 [poisoned by a worker ant]
  5325 | D:5      | Reached skill level 8 in Unarmed Combat
  5682 | D:5      | Shot with an arrow by a centaur

Vault maps used:
D:1:      mushboom_english_gardens
D:2:      minmay_domino_2
D:3:      first_ration, dk_noncrumbling_2
D:4:      temple_fountains
D:5:      portal_sewer_entry_e, serial_shops, nicolae_shop_behind_doors,
          elyvilon_altar_5, uniq_crazy_yiuf_cottage
Temple:   kilobyte_greek_temple

Skill      XL: |  1  2  3  4  5  6  7 |
---------------+----------------------+-----
Unarmed Combat | 3 4 5 6 7 8 |  8.4
Fighting       | |  2.0
Throwing       | |  1.7
Dodging        | |  2.6

Action                   |  1- 3 |  4- 6 |  7- 9 || total
-------------------------+-------+-------+-------++-------
Melee: Unarmed           |   125 |   137 |    61 ||   323
       Kick              |    17 |    46 |    23 ||    86
       Punch             |     1 |     4 |     3 ||     8
       Mace              |       |     7 |       ||     7
Throw: Throwing net      |     2 |     1 |     1 ||     4
  Use: Potion            |       |       |     7 ||     7
 Stab: Sleeping          |    14 |     6 |       ||    20
       Held in net/web   |     1 |       |       ||     1
       Invisible         |       |       |     2 ||     2
  Eat: Chunk             |     3 |     6 |       ||     9
       Ration            |       |     1 |     1 ||     2
Armor: Leather armour    |    40 |    36 |    22 ||    98
Dodge: Dodged            |    91 |    77 |    59 ||   227

Table legend:
 A = Non-vault XP
 B = Vault XP
 C = Vault XP percentage of total XP
 D = Non-vault monster count
 E = Vault monster count
 F = Vault count percentage of total count
                 A         B        C        D         E       F
            +---------+---------+-------+---------+---------+-------
      Total |    1154 |       3 |   0.3 |      97 |       1 |   1.0
            +---------+---------+-------+---------+---------+-------
        D:1 |      35 |       0 |   0.0 |      20 |       0 |   0.0
        D:2 |      28 |       3 |   9.7 |      16 |       1 |   5.9
        D:3 |     161 |       0 |   0.0 |      22 |       0 |   0.0
        D:4 |     600 |       0 |   0.0 |      30 |       0 |   0.0
        D:5 |     330 |       0 |   0.0 |       9 |       0 |   0.0
            +---------+---------+-------+---------+---------+-------
